AoeStats
← IsabelSabe

Arabia

509763958Analyzed
3v3 RM · 5d ago on Sep 27, 2026· 47m 8s· 6 players
Game mode
Random Map
Map size
Normal (6 player)
Population
200
Speed
Normal
Resources
Standard
Victory
Conquest
Starting age
Dark Age
Ending age
Imperial Age
RankedLock teamsTeams togetherTeam positionsShared explorationLock speedFull tech treeHidden civsTurbo modeCheats
Victory
Defeat
🇺🇾 Maya · Uruguay
1225
+12
🇵🇪 Persians · Peru
1188
+13
🇺🇸 Lithuanians · United States
1182
+13
🇦🇷 Maya · Argentina
1408
-23
🇦🇷 Magyars · Argentina
1000
-29
🇦🇷 Sicilians · Argentina
969
-7
LabestiaPito
0:30 Loom
10:22 Feudal Age
12:09 Double-Bit Axe
14:04 Fletching
18:42 Town Watch
22:12 Castle Age
20:57 Padded Archer Armor
21:22 Horse Collar
22:14 Crossbowman
22:54 Bodkin Arrow
25:14 Leather Archer Armor
26:01 Gold Mining
26:41 Thumb Ring
26:54 Bow Saw
32:43 Wheelbarrow
35:52 Imperial Age
35:35 Hand Cart
36:37 Bracer
37:07 Ring Archer Armor
37:30 Arbalester
40:10 Ballistics
44:13 Chemistry
45:38 Conscription
Fritas
11:47 Feudal Age
15:03 Man-at-Arms
23:10 Double-Bit Axe
25:48 Wheelbarrow
30:25 Bloodlines
33:24 Horse Collar
41:00 Castle Age
43:40 Castle Age
43:31 Wheelbarrow
44:28 Heavy Plow
44:42 Bow Saw
47:36 Hand Cart
R0M3R1T0
4:39 Loom
10:57 Feudal Age
11:28 Horse Collar
11:34 Double-Bit Axe
17:27 Gold Mining
21:11 Wheelbarrow
23:09 Castle Age
21:25 Scale Barding Armor
22:51 Wheelbarrow
24:23 Heavy Plow
24:35 Bow Saw
24:22 Stone Mining
25:33 Chain Barding Armor
31:09 Gold Shaft Mining
31:32 Corvinian Army
46:05 Imperial Age
44:40 Murder Holes
El Botascha 2.0
2:49 Loom
10:33 Feudal Age
11:07 Double-Bit Axe
15:04 Horse Collar
16:05 Fletching
16:55 Padded Archer Armor
22:39 Castle Age
22:00 Bloodlines
23:25 Husbandry
27:16 Heavy Plow
28:45 Bow Saw
28:36 Town Watch
29:53 Wheelbarrow
30:19 Scale Barding Armor
30:46 Forging
31:28 Chain Barding Armor
30:59 Gold Mining
32:11 Hand Cart
33:06 Iron Casting
36:41 Stone Mining
37:27 Gold Shaft Mining
40:37 Imperial Age
39:44 Light Cavalry
40:53 Cavalier
42:54 Crop Rotation
43:01 Stone Shaft Mining
42:42 Murder Holes
43:48 Chemistry
43:35 Hoardings
44:13 Two-Man Saw
43:55 Plate Barding Armor
44:21 Blast Furnace
43:55 Conscription
43:33 Savar
44:15 Sappers
46:54 Hussar
IsabelSabe
7:34 Loom
10:00 Feudal Age
11:01 Double-Bit Axe
20:17 Castle Age
24:39 Husbandry
31:54 Scale Barding Armor
36:57 Imperial Age
37:30 Cavalier
39:55 Ballistics
40:04 Conscription
40:21 Town Watch
41:12 Wheelbarrow
42:54 Town Patrol
43:10 Hand Cart
44:54 Horse Collar
46:19 Gold Mining
46:19 Stone Mining
46:51 Bloodlines
BOT [Quaa]
0:32 Loom
9:53 Feudal Age
10:37 Double-Bit Axe
12:51 Horse Collar
21:27 Castle Age
19:44 Fletching
20:10 Padded Archer Armor
21:42 Wheelbarrow
21:57 Crossbowman
24:19 Bodkin Arrow
24:43 Heavy Plow
24:56 Town Watch
25:28 Leather Archer Armor
25:23 Gold Mining
27:35 Town Patrol
27:51 Hand Cart
32:19 Bow Saw
33:57 Thumb Ring
37:44 Imperial Age
37:37 Ballistics
37:47 Scale Mail Armor
37:57 Forging
37:13 Eagle Warrior
37:53 Squires
37:35 Elite Skirmisher
38:09 Arbalester
38:53 Bracer
39:23 Ring Archer Armor
39:57 Chemistry
39:55 Elite Eagle Warrior
40:20 Arson
44:31 Chain Mail Armor
44:52 Iron Casting
45:32 Holcans
45:22 Conscription
45:37 Crop Rotation
45:01 Stone Mining
46:24 Plate Mail Armor
Connection lost

Rejoining the realm…

Still unreachable

The connection could not be restored.

Session expired

The server has moved on; the page needs a fresh start.